 Dungeon Crawl Stone Soup version 0.32-a0-675-gdc239d62e1 (webtiles) character file.

Game seed: 1945838143148739423

102 Sanktem7 the Trooper (level 4, -2/41 HPs)
             Began as a Minotaur Fighter on Mar 11, 2024.
             Slain by a cerulean imp
             ... wielding a +4 spear
             ... summoned by Natasha
              (4 damage)
             ... on level 2 of the Dungeon.
             The game lasted 00:02:28 (1440 turns).

Sanktem7 the Trooper (Minotaur Fighter)             Turns: 1440, Time: 00:02:29

Health: -2/41      AC:  7    Str: 23    XL:     4   Next: 50%
Magic:  3/3        EV:  9    Int:  5    God:
Gold:   135        SH:  4    Dex:  9    Spells: 3/3 levels left

rFire   . . .        a - +0 war axe {axe}
rCold   . . .        c - +0 buckler
rNeg    . . .        b - +0 scale mail
rPois   .            (helmet restricted)
rElec   .            (no cloak)
rCorr   .            (no gloves)
SInv    .            (no boots)
Will    .....        (no amulet) Stlth
                     (no ring)
HPRegen 0.26/turn    (no ring)
MPRegen 0.08/turn

%: no passive effects
@: slowed, very slow
A: horns 2, retaliatory headbutt
a: no special abilities


You were on level 2 of the Dungeon.
You visited 1 branch of the dungeon, and saw 2 of its levels.

You collected 135 gold pieces.


Innate Abilities, Weirdness & Mutations

You have a pair of horns on your head.
You reflexively headbutt those who attack you in melee.


   Skills:
 + Level 4.3 Fighting
 * Level 4.1 Axes
 + Level 4.3 Armour
 + Level 4.3 Shields


You had 3 spell levels left.
You didn't know any spells.
Your spell library contained the following spells:

 Spells                   Type           Power      Damage    Failure   Level
 Tukima's Dance           Hex            0%         N/A       99%         3
 Passage of Golubria      Tloc           0%         N/A       100%        4
 Yara's Violent Unravell  Hex/Alch       0%         3d3       100%        5

Inventory:

Hand Weapons
 a - a +0 war axe (weapon) {axe}
Missiles
 g - 16 stones (quivered) {throwing}
Armour
 b - a +0 scale mail (worn)
 c - a +0 buckler (worn)
Magical Staves
 n - a staff of alchemy {!astaff}
   (You found it on level 2 of the Dungeon)
Wands
 p - a wand of mindburst (13)
   (You found it on level 2 of the Dungeon)
Scrolls
 e - a scroll of teleportation {unknown}
 h - a scroll of enchant weapon {unknown}
 k - a scroll of butterflies {unknown}
 m - 2 scrolls of identify {unknown}
 o - a scroll of enchant armour {unknown}
Potions
 d - a potion of might
 f - a potion of lignification {unknown}
 i - 2 potions of haste {unknown}
 j - a potion of attraction {unknown}
 l - a potion of cancellation {unknown}

Dungeon Overview and Level Annotations

Branches:
Dungeon (2/15) Zot: 10508

Altars:
Vehumet

Shops:
D:1 :

Annotations:
D:2 Natasha

#.# # ~~~. #.####
# ## #~..
#....######
#P♣♣##..#
####.......
♣~~$....# #.#
#.###### ~PP~....#
#.# #.# #
≈PP.....# #.# #.#
# ~~~P..h5# #.#
#.###### ♣~..5.@#
#.# #.......
♣♣♣###.# #.#
#..####.
#.###.#####..####.
#...........÷.....
#####.#####..####.
#.# #.)..).... #.#
########## #.# #.#


You could see Natasha and 2 cerulean imps.


Message History

A nearby plant withers and dies.
The ribbon worm bites you. 😕 HP[-5]
You take 5 damage, and now have 34/41 hp.
You slash the ribbon worm!
You headbutt the ribbon worm, but do no damage.
The ribbon worm bites you. 😮 HP[-5]
You take 5 damage, and now have 29/41 hp.
Unknown command.
You slash the ribbon worm!
You kill the ribbon worm!
You see here a ribbon worm corpse. 😮 HP[+1]
You enter the shallow water.
Moving in this stuff is going to be slow.
g - 16 stones {throwing} (gained 4)
There is a stone staircase leading down here.
Key pressed, stopping explore.
There is a stone staircase leading down here.
Key pressed, stopping explore.
A kobold comes into view. It is wielding a +0 club.
The kobold shouts! 😎 HP[+11]
Your hp is fully restored (41).
A kobold is nearby!
The kobold hits you but does no damage.
You hit the kobold but do no damage. You headbutt the kobold.
You kill the kobold!
No target in view!
No target in view!
No target in view!
Found a stone staircase leading down.
Things that are here:
a +0 club {mace}; a kobold corpse You enter the shallow water.
Moving in this stuff is going to be slow.
Key pressed, stopping explore.
There is a stone staircase leading down here.
Found a stone staircase leading down.
There is a stone staircase leading down here.
p - a wand of mindburst (13) Natasha, Servant of Life and Death comes into view.
She is carrying a wand of flame.
Natasha hisses angrily.
Natasha mumbles some strange words.
A hobgoblin comes into view.
The hobgoblin shouts!
Natasha stares at you and mumbles some strange words.
You resist with some effort.
Natasha zaps a wand.
The puff of flame hits you! 😮 HP[-11]
You take 11 damage, and now have 30/41 hp.
MASSIVE DAMAGE!! (PAUSE) Natasha mumbles some strange words.
The cerulean imp shouts!
The cerulean imp hits you from afar with a +1 spear.
Natasha mumbles some strange words.
Natasha's front paws start to glow. 😮 HP[-4]
You take 4 damage, and now have 26/41 hp.
The hobgoblin hits you.
The cerulean imp hits you but does no damage.
Natasha growls.
The cerulean imp hits you from afar with a +4 spear.
* * * LOW HITPOINT WARNING * * *
😨 HP[-10]
You take 10 damage, and now have 16/41 hp.
MASSIVE DAMAGE!! (PAUSE)
You slash the hobgoblin!
You kill the hobgoblin!
You barely miss the cerulean imp.
The cerulean imp hits you but does no damage.
The cerulean imp barely misses you.
The cerulean imp hits you but does no damage.
You slash Natasha! Your headbutt misses Natasha.
You closely miss the cerulean imp.
Natasha stares at you and mumbles some strange words.
You feel yourself slow down.
The cerulean imp hits you but does no damage. x2
Natasha claws you.
* * * LOW HITPOINT WARNING * * *
The cerulean imp hits you but does no damage. 😨 HP[-2]
You take 2 damage, and now have 14/41 hp.
You hit Natasha. You barely miss the cerulean imp.
The cerulean imp hits you but does no damage.
You block Natasha's attack.
The cerulean imp hits you from afar with a +4 spear.
* * * LOW HITPOINT WARNING * * *
The cerulean imp barely misses you. You block Natasha's attack.
The cerulean imp completely misses you. 😱 HP[-6]
You take 6 damage, and now have 8/41 hp.
You hit Natasha but do no damage. You closely miss the cerulean imp.
The cerulean imp hits you with a +1 spear.
* * * LOW HITPOINT WARNING * * *
Natasha claws you.
* * * LOW HITPOINT WARNING * * *
The cerulean imp hits you from afar with a +4 spear.
You die...

Skill      XL: |  1  2  3  4 |
---------------+-------------+-----
Axes           | 3 4 |  4.1
Fighting       | 4 |  4.3
Shields        | 4 |  4.3
Armour         | 4 |  4.3

Action                     |  1- 3 |  4- 6 || total
---------------------------+-------+-------++-------
  Melee: War axe           |    88 |    31 ||   119
         Headbutt          |     5 |     2 ||     7
 Armour: Scale mail        |    70 |    42 ||   112
  Dodge: Dodged            |    46 |    14 ||    60
  Block: Buckler           |    23 |     6 ||    29

Levels and vault maps discovered:
D:1:      lightli_arrival_statue_moat, layout_loops_cross, serial_shops,
          nicolae_shop_statue_plus
D:2:      layout_loops_ring, serial_bayou, serial_bayou_lagoon_a,
          serial_bayou_shore_b, serial_bayou_pond_d, serial_bayou_shore_a,
          basic_altar, kennysheep_generic_room_6, uniq_crazy_yiuf_cottage,
          uniq_natasha

Notes
Turn   | Place    | Note
-------+----------+-------------------------------------------
     0 | D:1      | Sanktem7 the Minotaur Fighter began the quest for the Orb.
     0 | D:1      | Reached XP level 1. HP: 19/19 MP: 0/0
     0 | D:1      | magus.rc [v1.9.6]
   120 | D:1      | Reached XP level 2. HP: 16/27 MP: 1/1
   232 | D:1      | You add the spells Tukima's Dance, Passage of Golubria and
                  | Yara's Violent Unravelling to your library.
   243 | D:1      | Found Tyupnyasm's Book Shop.
   256 | D:1      | Reached skill level 3 in Axes
   386 | D:1      | Reached skill level 4 in Fighting
   386 | D:1      | Reached XP level 3. HP: 32/33 MP: 2/2
   422 | D:1      | Reached skill level 4 in Shields
   506 | D:1      | Reached skill level 4 in Armour
   673 | D:2      | Found a radiant altar of Vehumet.
   907 | D:2      | Reached XP level 4. HP: 39/40 MP: 3/3
  1028 | D:2      | Reached skill level 4 in Axes
  1431 | D:2      | Noticed Natasha
  1439 | D:2      | HP: 8/41 [cerulean imp/+4 spear[Natasha] (6)]
  1440 | D:2      | HP: 2/41 [Natasha (4)]
  1440 | D:2      | Slain by a cerulean imp

Vanquished Creatures
  3 adders (D:2)
  A dart slug (D:2)
  2 ribbon worms (D:2)
  An orc (D:2)
  4 ball pythons
  7 endoplasms
  2 giant cockroaches
  4 goblins
  5 hobgoblins
  10 jackals (D:1)
  7 kobolds
  A quokka (D:1)
  7 bats
  A frilled lizard (D:2)
  9 rats
64 creatures vanquished.

Table legend:
 A = Non-vault XP
 B = Vault XP
 C = Vault XP percentage of total XP
 D = Non-vault monster count
 E = Vault monster count
 F = Vault count percentage of total count
                 A         B        C        D         E       F
            +---------+---------+-------+---------+---------+-------
      Total |     142 |       5 |   3.4 |      61 |       3 |   4.7
            +---------+---------+-------+---------+---------+-------
        D:1 |      62 |       0 |   0.0 |      36 |       0 |   0.0
        D:2 |      80 |       5 |   5.9 |      25 |       3 |  10.7
            +---------+---------+-------+---------+---------+-------

Skill      XL: |  1  2  3  4 |
---------------+-------------+-----
Axes           | 3 4 |  4.1
Fighting       | 4 |  4.3
Shields        | 4 |  4.3
Armour         | 4 |  4.3

Action                     |  1- 3 |  4- 6 || total
---------------------------+-------+-------++-------
  Melee: War axe           |    88 |    31 ||   119
         Headbutt          |     5 |     2 ||     7
 Armour: Scale mail        |    70 |    42 ||   112
  Dodge: Dodged            |    46 |    14 ||    60
  Block: Buckler           |    23 |     6 ||    29

Illustrated notes

Table legend:
 A = Kills in this place as a percentage of kills in the entire game.
 B = Kills by you in this place as a percentage of kills by you in the entire game.
 C = Kills by friends in this place as a percentage of kills by friends in the entire game.
 D = Other kills in this place as a percentage of other kills in the entire game.
 E = Experience gained in this place as a percentage of experience gained in the entire game.
 F = Experience gained in this place divided by the number of levels of this place that you have seen.
                   A       B       C       D       E      F
               +-------+-------+-------+-------+-------+----------------------
         Total | 100.0 | 100.0 |   N/A |   N/A | 100.0 |  73.5
       Dungeon | 100.0 | 100.0 |   N/A |   N/A | 100.0 |  73.5
               +-------+-------+-------+-------+-------+----------------------

Table legend: (Time is in decaauts)
 A = Elapsed time spent in this place.
 B = Non-inter-level travel time spent in this place.
 C = Inter-level travel time spent in this place.
 D = Time resting spent in this place.
 E = Time spent auto-exploring this place.
 F = Levels seen in this place.
 G = Mean time per level.
                   A        B        C        D        E       F      G
               +--------+--------+--------+--------+--------+-----+--------+
         Total |   1489 |   1481 |      8 |      0 |   1175 |   2 |  744.5 |
       Dungeon |   1489 |   1481 |      8 |      0 |   1175 |   2 |  744.5 |
               +--------+--------+--------+--------+--------+-----+--------+

Top non-repeatable levels by time:
     D:2: 795 daAuts
     D:1: 694 daAuts
